 Dungeon Crawl Stone Soup version 0.29.1-1-gd02db6906a (webtiles) character file.

Game seed: 14059757853994673125

144 MisterFreud the Twirler (level 5, 0/38 HPs)
             Began as a Formicid Gladiator on Oct 2, 2022.
             Succumbed to Edmund's poison
             ... on level 4 of the Dungeon.
             The game lasted 00:04:20 (1661 turns).

MisterFreud the Twirler (Formicid Gladiator)        Turns: 1661, Time: 00:04:20

Health: 0/38       AC:  4    Str: 21    XL:     5   Next: 52%
Magic:  5/5        EV: 12    Int: 13    God:
Gold:   66         SH:  0    Dex: 15    Spells: 4/4 levels left

rFire   . . .      SeeInvis +   a - +1 quarterstaff
rCold   . . .      Faith    .   (no shield)
rNeg    . . .      Spirit   .   j - +0 troll leather armour
rPois   .          Reflect  .   (helmet unavailable)
rElec   .          Harm     .   (no cloak)
rCorr   .          Rampage  .   (no gloves)
Will    .....                   (no boots)
Stlth   +.........              (no amulet)
HPRegen 0.92/turn               l - +6 ring of intelligence
MPRegen 0.09/turn               (no ring)

@: lethally poisoned (0 -> -15)
A: permanent stasis, dig shafts and tunnels, antennae 3, four strong arms
a: Dig, Shaft Self


You were on level 4 of the Dungeon.
You visited 1 branch of the dungeon, and saw 4 of its levels.

You collected 66 gold pieces.

Inventory:

Hand Weapons
 a - a +1 quarterstaff (weapon)
Missiles
 c - 3 throwing nets (quivered)
 d - a javelin
 p - 8 poisoned darts
Armour
 j - a +0 troll leather armour (worn)
Jewellery
 l - a +6 ring of intelligence (left hand)
Potions
 e - a potion of attraction {unknown}
 f - a potion of heal wounds {unknown}
 g - 2 potions of curing
 o - a potion of haste {unknown}


   Skills:
 - Level 2.1 Fighting
 + Level 5.8 Staves
 - Level 2.0 Throwing
 - Level 2.6 Dodging


You had 4 spell levels left.
You didn't know any spells.
Your spell library was empty.

Dungeon Overview and Level Annotations

Branches:
Dungeon (4/15)
 Temple: D:4-7

Altars:

Annotations:
D:2 Sigmund
D:4 Edmund


Innate Abilities, Weirdness & Mutations

You cannot be hasted, slowed, berserked, paralysed or teleported.
You can dig through walls and to a lower floor.
You have a pair of large antennae on your head. (SInv)
Your four strong arms can wield two-handed weapons with a shield.


Message History

The kobold hits you with a +0 short sword.
You barely miss the kobold.
The kobold hits you with a +0 short sword.
A black bear comes into view.
The black bear growls angrily.
You hit the kobold.
You kill the kobold!
You sock Edmund!
Edmund is moderately wounded.
Edmund hits you with a +0 flail of venom!
You are poisoned.
You barely miss Edmund.
Edmund is moderately wounded.
You feel very sick.
Edmund hits you with a +0 flail of venom.
You are more poisoned.
You closely miss Edmund.
Edmund is moderately wounded.
You feel very sick. Edmund closely misses you.
You barely miss Edmund.
Edmund is moderately wounded.
You feel very sick. The black bear bites you.
* * * LOW HITPOINT WARNING * * *
The black bear barely misses you. The black bear misses you.
Edmund barely misses you.
Unknown command.
Unknown command.
You aren't carrying any scrolls.
Are you sure you want to shaft yourself?
You feel very sick. The black bear barely misses you. The black bear claws you.
* * * LOW HITPOINT WARNING * * *
The black bear claws you.
* * * LOW HITPOINT WARNING * * *
Edmund hits you but does no damage.
You are more poisoned.
You begin to dig a shaft.
You continue digging a shaft.
You die...

.............÷....#### #.
....##....##..#####..
..##...#.........# #..
....###................<..# #..
...$#...........#........######..
#$....#....(....##.†........#....
##>...#.......................#..
....#...................#..####..
..........##..@@............ #..
###..........h##......##...####
#..<.@.####..# ....#.#####.....
#........K.....<.##.##.# #.....
................ #.##.# ##..).
$..#.#.##....... .# #....
.......# ....... .. #....
#...#### #..:... ####. ....
...... ..


You could see Edmund and a black bear.

Vanquished Creatures
  A hound (D:3)
  3 gnolls
  4 adders
  A worm (D:3)
  5 orcs
  4 ball pythons
  A bat (D:1)
  8 endoplasms
  2 giant cockroaches
  3 goblins
  2 hobgoblins
  6 kobolds
  A quokka (D:4)
  2 frilled lizards
  4 rats
47 creatures vanquished.

Notes
Turn   | Place    | Note
-------+----------+-------------------------------------------
     0 | D:1      | MisterFreud the Formicid Gladiator began the quest for the
                  | Orb.
     0 | D:1      | Reached XP level 1. HP: 16/16 MP: 1/1
   358 | D:1      | Reached XP level 2. HP: 22/22 MP: 2/2
   402 | D:1      | Found a faded altar of an unknown god.
   636 | D:2      | Noticed Sigmund
   659 | D:1      | Reached skill level 4 in Staves
   659 | D:1      | Reached XP level 3. HP: 24/27 MP: 3/3
   801 | D:3      | Reached XP level 4. HP: 28/33 MP: 4/4
   864 | D:3      | Reached skill level 5 in Staves
  1490 | D:4      | Noticed Edmund
  1502 | D:3      | Reached XP level 5. HP: 30/38 MP: 5/5
  1654 | D:4      | Noticed a black bear
  1661 | D:4      | Succumbed to Edmund's poison

Illustrated notes

Levels and vault maps discovered:
D:1:      roderic_crossed_star, layout_basic,
          dilly_ecumenical_altar_fadedgnrine, minmay_tetromino_l4
D:2:      minmay_evil_eye, layout_basic, basic_altar, st_stairs_2, uniq_sigmund
D:3:      layout_basic, hangedman_abyss_or_decor_lesser_grid
D:4:      layout_rooms, uniq_edmund

Skill      XL: |  1  2  3  4 |
---------------+-------------+-----
Staves         | 4 5 |  5.8
Fighting       | |  2.1
Throwing       | |  2.0
Dodging        | |  2.6

Action                   |  1- 3 |  4- 6 || total
-------------------------+-------+-------++-------
Melee: Quarterstaff      |    63 |    62 ||   125
 Abil: Shaft Self        |       |     1 ||     1
  Use: Potion            |     1 |       ||     1
       Scroll            |     4 |     2 ||     6
Armor: Leather armour    |     2 |       ||     2
       Troll leather arm |    16 |    16 ||    32
Dodge: Dodged            |    50 |    47 ||    97
